 Dungeon Sprint DCSS version 0.23-a0-180-ga5275e7 (webtiles) character file.

7516 Fang the Severer (level 11, -18/80 HPs)
             Began as a Gargoyle Berserker on Sept 18, 2018.
             Was the Champion of Trog.
             Killed from afar by a deep elf high priest (26 damage)
             ... with damnation
             ... in the Dungeon (Sprint V: "Ziggurat Sprint").
             The game lasted 00:04:09 (896 turns).

Fang the Severer (Gargoyle Berserker)                Turns: 896, Time: 00:04:10

Health: -18/80     AC: 29    Str: 36    XL:     11   Next: 16%
Magic:  11/11      EV: 12    Int:  8    God:    Trog [******]
Gold:   0          SH:  0    Dex: 12    Spells: 10/10 levels left

rFire    . . .     SeeInvis .   I - +3 battleaxe (flame)
rCold    . . .     Gourm    .   (shield currently unavailable)
rNeg     + . .     Faith    .   j - +5 shadow dragon scales
rPois    ∞         Spirit   .   (no helmet)
rElec    +         Reflect  .   (no cloak)
rCorr    .         Harm     .   K - +1 pair of gloves {Dex+3}
MR       .....     NoTele   +   (no boots)
Stlth    ++........             (no amulet)
HPRegen  0.23/turn              D - +6 ring of strength
MPRegen  0.12/turn              E - +6 ring of strength

@: confused, berserk cooldown, slowed, very slow
A: negative energy resistance 1, electricity resistance, unbreathing,
petrification resistance, rot immunity, AC +8
a: Berserk, Trog's Hand, Brothers in Arms, Renounce Religion


You were in the Dungeon.
You worshipped Trog.
Trog was exalted by your worship.
You were near starving.

You visited 1 branch

Inventory:

Hand Weapons
 k - a +5 executioner's axe
 B - a +2 antimagic battleaxe
 H - a +3 battleaxe of venom
 I - a +3 battleaxe of flaming (weapon)
Missiles
 J - 4 javelins of returning (quivered)
Armour
 j - +5 shadow dragon scales (worn)
 K - a +1 pair of gloves of dexterity (worn)
Jewellery
 a - an uncursed ring of protection from magic
 b - an uncursed ring of protection from magic
 z - an uncursed ring of positive energy
 A - an uncursed ring of ice
 D - a +6 ring of strength (left hand)
 E - a +6 ring of strength (right hand)
 L - an uncursed ring of fire
 M - an uncursed ring of stealth
Wands
 w - a wand of disintegration (7)
 x - a wand of iceblast (7)
 y - a wand of acid (7)
Scrolls
 i - 4 scrolls of blinking
 l - 7 scrolls of fog
 m - a scroll of holy word
 n - 5 scrolls of identify
 o - 5 scrolls of remove curse
 p - 2 scrolls of fear
 F - 4 scrolls of enchant weapon
Potions
 d - 10 potions of curing
 e - 8 potions of heal wounds
 f - 6 potions of haste
 g - 7 potions of magic
 h - 3 potions of berserk rage
 q - 2 potions of brilliance
 r - 2 potions of invisibility
 s - 4 potions of resistance
 t - a potion of experience
 u - 5 potions of agility
 v - 5 potions of might
Miscellaneous
 G - a lamp of fire
Comestibles
 c - 7 rations


   Skills:
 + Level 14.6 Fighting
 + Level 17.8 Axes
 + Level 9.5 Armour
 + Level 5.4 Dodging


You had 10 spell levels left.
You didn't know any spells.
Your spell library was empty.

Dungeon Overview and Level Annotations

Branches:
Dungeon (1/1)

Altars:
Ashenzari
Cheibriados
Dithmenos
Elyvilon
Fedhas
Gozag
Hepliaklqana
Kikubaaqudgha
Makhleb
Nemelex Xobeh
Okawaru
Qazlal
Ru
Sif Muna
Trog
Uskayaw
Vehumet
Wu Jian
Xom
Yredelemnul
Zin
The Shining One
Beogh
Jiyva
Lugonu

Annotations:
D 1 transporter


Innate Abilities, Weirdness & Mutations

You are resistant to torment.
Your stone body is resilient. (AC +8)
You are immune to poison.
You resist negative energy. (rN+)
You are resistant to electric shocks. (rElec)
You can survive without breathing.
You are immune to petrification.
You are immune to rotting.


Message History

Your stone giant completely misses the deep elf high priest.
The deep elf high priest hits your stone giant but does no damage.
The deep elf master archer shoots an arrow.
The arrow hits you!!
* * * LOW HITPOINT WARNING * * *
You are too injured to fight recklessly!
Unknown command.
Unknown command.
You are too injured to fight recklessly!
Unknown command.
You are too injured to fight recklessly!
You feel your anger nearly subside.
You are no longer berserk.
You are exhausted.
You feel yourself slow down. The deep elf mage casts a spell at you.
The bolt of lightning hits you! You resist.
* * * LOW HITPOINT WARNING * * *
The deep elf high priest invokes the aid of its god against you.
The sphere of damnation explodes!
The damnation engulfs you!
You die...

▓...8©8...▓...8©8...
▓.e.)::}).▓..:||:)..
▓..)[)=e..▓..)|})...
▓..§......▓.........
▓...e..e..▓.........
▓.e.eCe...▓.....)...
▓..)(.....▓.........
▓...((..e.▓.........
▓.▓@(...▓.▓.▓..†..▓.
▓....©....▓....©....
▓▓▓▓▓▓▓▓▓▓▓▓▓▓▓▓▓▓▓▓


You could see a deep elf master archer, 2 deep elf annihilators, 2 deep elf
archers, 2 deep elf high priests, a deep elf mage and a friendly stone giant
(berserk).

Vanquished Creatures
  A hell hog (D)
  2 spriggan druids (D)
  A harpy (shapeshifter) (D)
  An ugly thing (D)
  A deep elf mage (D)
  A shining eye (D)
  2 black mambas (D)
  A hellion (D)
  A hornet (D)
  3 spriggans (D)
  A hog (shapeshifter) (D)
  A shadow (D)
  A naga (D)
  4 water moccasins (D)
  3 black bears (D)
  An eye of draining (D)
  4 necrophages (D)
  4 wolves (D)
  2 phantoms (D)
  4 scorpions (D)
  5 wights (D)
  A crimson imp (D)
  An orc wizard (D)
  2 adders (D)
  2 oozes (D)
  2 adder zombies (D)
  3 adder skeletons (D)
  An orc (D)
  4 ball pythons (D)
  A bat skeleton (D)
  2 bat zombies (D)
63 creatures vanquished.

Vanquished Creatures (collateral kills)
  2 shining eyes (D)
  A neqoxec (D)
  An earth elemental (D)
4 creatures vanquished.

Vanquished Creatures (others)
  A bat zombie (D)
1 creature vanquished.

Grand Total: 68 creatures vanquished

Notes
Turn   | Place    | Note
-------+----------+-------------------------------------------
     0 | D        | Found the +6 Majin-Bo {vamp, Archmagi MP+6 Int+6}
     0 | D        | Found the +7 great mace "Firestarter" {inner flame, rF++}
     0 | D        | Fang the Gargoyle Berserker began the quest for the Orb.
     0 | D        | Reached XP level 1. HP: 14/14 MP: 1/1
     3 | D        | Found a blossoming altar of Fedhas.
     4 | D        | Found a viscous altar of Jiyva.
     4 | D        | Found a hazy altar of Hepliaklqana.
     4 | D        | Found a transporter.
     4 | D        | Found an opulent altar of Gozag.
     4 | D        | Found an ancient bone altar of Kikubaaqudgha.
     4 | D        | Found a corrupted altar of Lugonu.
     8 | D        | Found a burning altar of Makhleb.
     9 | D        | Found a sacrificial altar of Ru.
     9 | D        | Found a stormy altar of Qazlal.
     9 | D        | Found a deep blue altar of Sif Muna.
     9 | D        | Found an iron altar of Okawaru.
     9 | D        | Found a bloodstained altar of Trog.
     9 | D        | Found a sparkling altar of Nemelex Xobeh.
    70 | D        | Entered arena 2.
    70 | D        | Noticed an orc wizard
    70 | D        | Found a transporter.
    73 | D        | Reached skill level 3 in Axes
    77 | D        | Killed an orc wizard
    77 | D        | Reached ** piety under Trog
    77 | D        | Reached skill level 5 in Fighting
    77 | D        | Reached skill level 4 in Axes
    77 | D        | Reached XP level 2. HP: 21/21 MP: 2/2
    77 | D        | Reached XP level 3. HP: 26/26 MP: 3/3
   138 | D        | Entered arena 3.
   138 | D        | Noticed an eye of draining
   138 | D        | Found a transporter.
   142 | D        | Killed an eye of draining
   142 | D        | Reached skill level 6 in Axes
   142 | D        | Reached XP level 4. HP: 32/32 MP: 0/4
   142 | D        | Reached XP level 5. HP: 37/37 MP: 0/5
   150 | D        | Entered arena 4.
   150 | D        | Found a transporter.
   153 | D        | Reached *** piety under Trog
   153 | D        | Reached skill level 7 in Axes
   156 | D        | Reached XP level 6. HP: 45/45 MP: 1/6
   157 | D        | Reached skill level 8 in Axes
   157 | D        | Reached skill level 5 in Armour
   169 | D        | Entered arena 5.
   169 | D        | Noticed a naga
   169 | D        | Noticed a water moccasin
   169 | D        | Noticed a water moccasin
   169 | D        | Found a transporter.
   172 | D        | Reached **** piety under Trog
   173 | D        | Killed a water moccasin
   173 | D        | Reached skill level 9 in Axes
   179 | D        | Killed a water moccasin
   179 | D        | Reached skill level 10 in Fighting
   179 | D        | Reached XP level 7. HP: 52/52 MP: 4/7
   180 | D        | Killed a naga
   180 | D        | Reached skill level 10 in Axes
   234 | D        | Entered arena 6.
   234 | D        | Noticed a spriggan
   234 | D        | Noticed a spriggan
   234 | D        | Found a transporter.
   236 | D        | Killed a spriggan
   236 | D        | Reached ***** piety under Trog
   236 | D        | Reached skill level 11 in Axes
   237 | D        | Killed a spriggan
   237 | D        | Reached XP level 8. HP: 59/59 MP: 8/8
   237 | D        | Received a gift from Trog
   239 | D        | Reached skill level 12 in Axes
   311 | D        | Entered arena 7.
   312 | D        | Found a transporter.
   342 | D        | Entered arena 8.
   342 | D        | Noticed a shining eye
   342 | D        | Noticed a shining eye
   342 | D        | Noticed a harpy
   342 | D        | Noticed a purple ugly thing
   342 | D        | Noticed a shining eye
   345 | D        | Found a transporter.
   347 | D        | Killed a harpy
   347 | D        | Received a gift from Trog
   347 | D        | Reached skill level 13 in Axes
   347 | D        | Reached XP level 9. HP: 65/65 MP: 3/9
   349 | D        | Killed a shining eye
   350 | D        | Killed a shining eye
   350 | D        | Reached skill level 14 in Axes
   351 | D        | Killed a purple ugly thing
   351 | D        | Killed a shining eye
   351 | D        | Reached skill level 15 in Axes
   392 | D        | Entered arena 9.
   392 | D        | Noticed a spriggan druid
   392 | D        | Noticed a spriggan druid
   392 | D        | Noticed a spriggan rider
   396 | D        | Received a gift from Trog
   400 | D        | Killed a spriggan druid
   400 | D        | Reached XP level 10. HP: 72/72 MP: 3/10
   405 | D        | Killed a spriggan druid
   405 | D        | Reached skill level 16 in Axes
   405 | D        | Reached skill level 5 in Dodging
   406 | D        | Reached ****** piety under Trog
   407 | D        | Found a transporter.
   432 | D        | Received a gift from Trog
   574 | D        | Entered arena 10.
   575 | D        | Found a transporter.
   584 | D        | Received a gift from Trog
   607 | D        | Entered arena 11.
   607 | D        | Noticed a black mamba
   607 | D        | Noticed a black mamba
   608 | D        | Found a transporter.
   614 | D        | Received a gift from Trog
   615 | D        | Killed a black mamba
   618 | D        | Killed a black mamba
   618 | D        | Reached skill level 17 in Axes
   783 | D        | Entered arena 12.
   783 | D        | Noticed a hell hog
   783 | D        | Noticed a hellion
   784 | D        | Found the +8 autumn katana {slice, Clar}
   790 | D        | Killed a hell hog
   790 | D        | Received a gift from Trog
   790 | D        | Reached XP level 11. HP: 80/80 MP: 3/11
   800 | D        | Found a transporter.
   884 | D        | Entered arena 13.
   884 | D        | Noticed a deep elf annihilator
   884 | D        | Noticed a deep elf mage
   884 | D        | Noticed a deep elf archer
   884 | D        | Noticed a deep elf high priest
   885 | D        | Noticed a deep elf high priest
   885 | D        | Noticed a deep elf archer
   885 | D        | Noticed a deep elf master archer
   885 | D        | Noticed a deep elf mage
   885 | D        | Noticed a deep elf annihilator
   887 | D        | Found a transporter.
   889 | D        | Received a gift from Trog
   890 | D        | Killed a deep elf mage
   896 | D        | Killed from afar by a deep elf high priest

Vault maps used:
D:        sprint_v

Skill      XL: |  1  2  3  4  5  6  7  8  9 10 |
---------------+-------------------------------+-----
Axes           | 4 6 7 9 11 13 15 17 | 17.8
Fighting       | 5 6 8 10 11 12 14 | 14.6
Armour         | 3 4 6 7 8 9 |  9.5
Dodging        | 2 3 4 5 |  5.4

Action                   |  1- 3 |  4- 6 |  7- 9 | 10-12 || total
-------------------------+-------+-------+-------+-------++-------
Melee: Executioner's axe |     6 |    15 |     5 |       ||    26
       Battleaxe         |       |       |    21 |    63 ||    84
Invok: Berserk           |     1 |     1 |     3 |     2 ||     7
       Brothers in Arms  |       |       |     1 |     1 ||     2
  Use: Potion            |       |       |       |     2 ||     2
  Eat: Chunk             |       |       |     2 |     3 ||     5
Armor: Shadow dragon sca |     6 |    17 |    22 |    55 ||   100
Dodge: Dodged            |       |    14 |    11 |    41 ||    66

Table legend:
 A = Non-vault XP
 B = Vault XP
 C = Vault XP percentage of total XP
 D = Non-vault monster count
 E = Vault monster count
 F = Vault count percentage of total count
                 A         B        C        D         E       F
            +---------+---------+-------+---------+---------+-------
      Total |     292 |   10446 |  97.3 |       1 |      66 |  98.5
            +---------+---------+-------+---------+---------+-------
          D |     292 |   10446 |  97.3 |       1 |      66 |  98.5
            +---------+---------+-------+---------+---------+-------
